 Dungeon Crawl Stone Soup version 0.17-a0-977-g4154171 (webtiles) character file.

166 RobertPalmer the Insei (level 5, 0/33 HPs)
             Began as an Octopode Transmuter on May 10, 2015.
             Slain by Crazy Yiuf
             ... wielding a +3 quarterstaff of chaos
              (10 damage)
             ... on level 3 of the Dungeon.
             The game lasted 00:06:14 (3102 turns).

RobertPalmer the Insei (Octopode Transmuter)        Turns: 3102, Time: 00:06:14

Health: 0/33       AC:  1    Str:  9    XL:     5   Next: 47%
Magic:  5/8        EV:  7    Int: 16    God:
Gold:   171        SH:  0    Dex: 13    Spells: 3 memorised, 2 levels left

rFire  . . .     SeeInvis .       - Unarmed
rCold  . . .     Clarity  .     (no shield)
rNeg   . . .     SustAb   .     (helmet restricted)
rPois  .         Gourm    .     (no amulet)
rElec  .         Spirit   .     (no ring)
rCorr  .         Warding  .     (no ring)
rMut   .         Stasis   .     (no ring)
MR     .....                    (no ring)
Stlth  ++........               (no ring)
                                (no ring)
                                (no ring)
                                (no ring)

@: not resistant to hostile enchantments, unstealthy
A: almost no armour, amphibious, 8 rings, constrict 8, camouflage 1, gelatinous
body 1
a: no special abilities


You were on level 3 of the Dungeon.
You were not hungry.

You visited 1 branch of the dungeon, and saw 4 of its levels.

You collected 171 gold pieces.

Inventory:

Missiles
 a - 6 arrows
Magical devices
 n - a wand of digging (21)
   (You took it off Ijyb on level 2 of the Dungeon)
Scrolls
 d - 2 scrolls of magic mapping {unknown}
 g - 3 scrolls of identify {unknown}
 i - a scroll of recharging {unknown}
 j - a scroll of remove curse {unknown}
 l - a scroll of fear {unknown}
Potions
 e - a potion of resistance {unknown}
 k - a potion of flight {unknown}
 m - a potion of poison {unknown}
 o - a potion of agility {unknown}
 p - 3 potions of lignification {unknown}
 q - a potion of ambrosia {unknown}
 r - a potion of brilliance {unknown}
 t - a potion of curing
Books
 b - a book of Changes
 s - a book of Power
   (You found it on level 3 of the Dungeon)
Comestibles
 c - 4 bread rations {@e1}
 f - a meat ration {@e2}
 h - 2 beef jerkies


   Skills:
 - Level 1.0 Fighting
 - Level 2.0 Dodging
 - Level 5.6 Unarmed Combat
 - Level 2.0 Spellcasting
 + Level 2.8 Transmutations


You had 2 spell levels left.
You knew the following spells:

 Your Spells              Type           Power        Failure   Level  Hunger
a - Beastly Appendage     Trmt           ##....       10%         1    #......
c - Spider Form           Trmt/Pois      #.........   38%         3    ###....
s - Sticks to Snakes      Trmt           ##........   12%         2    ###....


Dungeon Overview and Level Annotations

Branches:
Dungeon (4/15)
 Temple: D:4-7

Altars:

Annotations:
D:3 Crazy Yiuf
D:4 Purgy


Innate Abilities, Weirdness & Mutations

You cannot wear most types of armour.
You are amphibious.
You can wear up to eight rings at the same time.
You can use your tentacles to constrict eight enemies at once.
Your skin changes colour to match your surroundings (Stealth).
Your rubbery body absorbs attacks (AC +1).


Message History

You now have 7/8 mp.
You tentacle-slap the hobgoblin but do no damage.
You grab the hobgoblin.
Your tentacle spike misses the hobgoblin.
You squeeze the hobgoblin.
You kill the hobgoblin!
You see here a club.
Your transformation is almost over.
Your tentacle spike disappears.
There is a stone staircase leading down here.
c - 4 bread rations {@e1} (gained 1)
The hobgoblin is too close now for your liking.
MP restored: 8 A hobgoblin is nearby!
A hobgoblin is nearby!
A hobgoblin is nearby!
Unknown command.
One of your tentacles grows a vicious spike.
You now have 7/8 mp.
You tentacle-slap the hobgoblin but do no damage.
You grab the hobgoblin.
You pierce the hobgoblin, but do no damage.
You constrict the hobgoblin, but do no damage.
The hobgoblin barely misses you.
You tentacle-slap the hobgoblin but do no damage.
You pierce the hobgoblin.
You squeeze the hobgoblin.
You kill the hobgoblin!
No target in view!
Your transformation is almost over.
Your tentacle spike disappears.
A bat comes into view.
MP restored: 8
Okay, then.
The bat hits you but does no damage.
You tentacle-slap the bat.
You kill the bat!
No target in view!
No target in view!
You see here a bat corpse.
You butcher the bat corpse.
r - a chunk of flesh {@w0} Eating a chunk of flesh {@w0}.
You continue eating. x2
This spell is slightly dangerous to cast.
Memorise Spider Form, consuming 3 spell levels and leaving 2?
You start memorising the spell.
You continue memorising.
You continue memorising. x2
You finish memorising.
Spell assigned to 'c'.
r - a smoky silvery potion
s - a book of Power You now have 171 gold pieces (gained 10).
t - a potion of curing A giant newt comes into view.
A giant newt is nearby!
A giant newt is nearby!
A giant newt is nearby!
The giant newt barely misses you.
You tentacle-slap the giant newt.
You kill the giant newt!
No target in view!
No target in view!
You see here a giant newt corpse.
Crazy Yiuf the Enlightened comes into view.
He is wielding a quarterstaff of chaos.
You turn into a venomous arachnid creature.
You now have 5/8 mp.
Unknown command.
Crazy Yiuf shouts!
Your transformation is almost over.
You hit Crazy Yiuf.
Crazy Yiuf hits you with a quarterstaff of chaos.
Crazy Yiuf freezes you.
You take 6 damage, and have 27/33 hp.
You hit Crazy Yiuf but do no damage.
Crazy Yiuf hits you with a quarterstaff of chaos!
You take 14 damage, and have 13/33 hp.
MASSIVE DAMAGE!!
Your transformation has ended.
You see here a giant newt corpse.
Read which item? (? for menu, Esc to quit)
Okay, then.
Drink which item? (? for menu, Esc to quit)
Okay, then.
You see here a leather armour.
MP restored: 8 Crazy Yiuf waves his quarterstaff at you.
You see here a quokka skeleton.
Crazy Yiuf twirls on the spot.
Crazy Yiuf cries, "Scoff!
You tortoise turtle."
Crazy Yiuf whimpers, "Ice stair hog!"
Crazy Yiuf hits you with a quarterstaff of chaos!
* * * LOW HITPOINT WARNING * * *
You feel your power leaking away.
You take 8 damage, and have 9/33 hp.
MASSIVE DAMAGE!!
You now have 4/8 mp.
You see here a quokka skeleton.
Crazy Yiuf glowers.
There is a stone staircase leading up here.
Crazy Yiuf hits you with a quarterstaff of chaos!
You die...

.........).†.# #.########
.............#### #..#
#.#.#.##........## ##.#
..#.#.##....#....## #.#
......###.........# #.#
#..#..# #.........# #.#
##.....##.#.......######.#
..#.....#...........##.#
.......##.....@.....##.#
#..........)....g.....##.##
........###............#..#
........ #.....#...##..#.#
.... #.###.#.........# ....
#..##..##.###...## ....
##......÷........# ....
....>..#..>.......## ....
.#.....###.........#


You could see Crazy Yiuf.

Vanquished Creatures
  Ijyb (D:2)
  Jessica (D:2)
  4 adders
  A worm (D:3)
  A giant gecko (D:2)
  An orc (D:3)
  10 bats
  14 goblins
  15 hobgoblins
  5 jackals (D:2)
  6 kobolds
  A ball python (D:3)
  2 giant cockroaches
  3 giant newts
  A quokka (D:3)
  6 rats
72 creatures vanquished.

Vanquished Creatures (collateral kills)
  Robin (D:2)
1 creature vanquished.

Grand Total: 73 creatures vanquished

Notes
Turn   | Place    | Note
--------------------------------------------------------------
     0 | D:1      | RobertPalmer, the Octopode Transmuter, began the quest for the Orb.
     0 | D:1      | Reached XP level 1. HP: 13/13 MP: 3/3
   295 | D:1      | Reached XP level 2. HP: 16/18 MP: 3/5
   880 | D:2      | Noticed Ijyb
   887 | D:2      | Learned a level 2 spell: Sticks to Snakes
   915 | D:2      | Killed Ijyb
   915 | D:2      | Reached skill level 4 in Unarmed Combat
   915 | D:2      | Reached XP level 3. HP: 12/23 MP: 1/6
  1019 | D:2      | Noticed Robin
  1085 | D:2      | HP: 5/23 [Robin/goblin (2)]
  1086 | D:2      | HP: 2/23 [goblin[Robin] (3)]
  1088 | D:2      | Killed Robin
  1114 | D:2      | HP: 5/23 [goblin[Robin] (3)]
  1334 | D:2      | Reached XP level 4. HP: 24/28 MP: 5/7
  1417 | D:2      | Noticed Jessica
  1427 | D:2      | Killed Jessica
  1427 | D:2      | Reached skill level 5 in Unarmed Combat
  1878 | D:2      | Reached XP level 5. HP: 25/33 MP: 5/8
  2633 | D:4      | Noticed Purgy
  2986 | D:3      | Learned a level 3 spell: Spider Form
  3044 | D:3      | Noticed Crazy Yiuf
  3102 | D:3      | Slain by Crazy Yiuf

Vault maps used:
D:1:      dpeg_arrival_yet_another_circle, serial_bayou_lake_a
D:2:      minivault_23, uniq_iyjb, uniq_robin, uniq_jessica
D:3:      first_bread, minivault_4, uniq_crazy_yiuf_cottage
D:4:      lemuel_crystal_altar, kennysheep_boxes, uniq_edmund, uniq_purgy

Action                   |  1- 3 |  4- 6 || total
-------------------------+-------+-------++-------
Melee: Unarmed           |    59 |   110 ||   169
 Cast: Beastly Appendage |    15 |    30 ||    45
       Sticks to Snakes  |     4 |     2 ||     6
       Spider Form       |       |     1 ||     1
  Use: Potion            |     1 |       ||     1
 Stab: Sleeping          |     2 |     2 ||     4
       Distracted        |     1 |       ||     1
  Eat: Chunk             |     1 |     7 ||     8

Vault maps used:
D:1:      dpeg_arrival_yet_another_circle, serial_bayou_lake_a
D:2:      minivault_23, uniq_iyjb, uniq_robin, uniq_jessica
D:3:      first_bread, minivault_4, uniq_crazy_yiuf_cottage
D:4:      lemuel_crystal_altar, kennysheep_boxes, uniq_edmund, uniq_purgy

Table legend:
 A = Turns spent in this place as a percentage of turns spent in the entire game.
 B = Non-inter-level travel turns spent in this place as a percentage of non-inter-level travel turns spent in the entire game.
 C = Inter-level travel turns spent in this place as a percentage of turns spent in this place.
 D = Turns resting spent in this place as a percentage of non-inter-level travel turns spent in this place.
 E = Turns spent auto-exploring this place as a percentage of non-inter-level travel turns spent in this place.
 F = Non-inter-level travel turns spent in this place divided by the number of levels of this place that you've seen.
                   A       B       C       D       E      F
               +-------+-------+-------+-------+-------+----------------------
         Total | 100.0 | 100.0 |   0.5 |   2.4 |   7.8 | 259.2
       Dungeon | 100.0 | 100.0 |   0.5 |   2.4 |   7.8 | 259.2
               +-------+-------+-------+-------+-------+----------------------

Table legend:
 A = Kills in this place as a percentage of kills in entire the game.
 B = Kills by you in this place as a percentage of kills by you in the entire game.
 C = Kills by friends in this place as a percentage of kills by friends in the entire game.
 D = Other kills in this place as a percentage of other kills in the entire game.
 E = Experience gained in this place as a percentage of experience gained in the entire game.
 F = Experience gained in this place divided by the number of levels of this place that you have seen.
                   A       B       C       D       E      F
               +-------+-------+-------+-------+-------+----------------------
         Total | 100.0 | 100.0 | 100.0 |  -nan | 100.0 |  59.5
       Dungeon | 100.0 | 100.0 | 100.0 |  -nan | 100.0 |  59.5
               +-------+-------+-------+-------+-------+----------------------
